 Dungeon Crawl Stone Soup version 0.27.0-1-g7a089689b8 (webtiles) character file.

Game seed: 18382827112161921822

51 nightchill the Sneak (level 4, 0/25 HPs)
             Began as a Kobold Enchanter on Aug 4, 2021.
             Succumbed to an adder's poison
             ... on level 2 of the Dungeon.
             The game lasted 00:04:14 (1387 turns).

nightchill the Sneak (Kobold Enchanter)             Turns: 1387, Time: 00:04:14

Health: 0/25       AC:  3    Str:  6    XL:     4   Next: 5%
Magic:  0/7        EV: 15    Int: 22    God:
Gold:   74         SH:  0    Dex: 15    Spells: 1/7 levels left

rFire    . . .     SeeInvis .   a - +1 dagger
rCold    . . .     Faith    .   (shield restricted)
rNeg     . . .     Spirit   .   b - +0 robe
rPois    .         Reflect  .   (no helmet)
rElec    .         Harm     .   (no cloak)
rCorr    .         Rampage  .   (no gloves)
Will     .....                  i - +0 pair of boots
Stlth    ++++......             (no amulet)
HPRegen  0.08/turn              f - +6 ring of intelligence
MPRegen  0.10/turn              (no ring)

@: lethally poisoned (0 -> -3), flying
A: small, no large weapons, nightstalker 3
a: no special abilities


You were on level 2 of the Dungeon.
You visited 1 branch of the dungeon, and saw 2 of its levels.

You collected 74 gold pieces.

Inventory:

Hand Weapons
 a - a +1 dagger (weapon)
Armour
 b - a +0 robe (worn)
 i - a +0 pair of boots (worn)
Magical Staves
 j - a staff of cold
Jewellery
 f - a +6 ring of intelligence (left hand)
Scrolls
 c - a scroll of teleportation {unknown}
 d - a scroll of immolation {unknown}
 g - 2 scrolls of identify {unknown}
Potions
 h - a potion of attraction {unknown}
 k - a potion of curing {unknown}


   Skills:
 + Level 1.0 Fighting
 * Level 2.7 Short Blades
 - Level 2.4 Dodging
 * Level 4.8 Stealth
 - Level 2.1 Spellcasting
 * Level 3.5 Hexes


You had one spell level left.
You knew the following spells:

 Your Spells              Type           Power      Damage    Failure   Level
a - Corona                Hex            20%        N/A       3%          1
b - Ensorcelled Hibernat  Hex/Ice        20%        N/A       10%         2
c - Confusing Touch       Hex            18%        N/A       10%         3

Your spell library contained the following spells:

 Spells                   Type           Power      Damage    Failure   Level
 Tukima's Dance           Hex            18%        N/A       10%         3
 Blink                    Tloc           N/A        N/A       21%         2
 Dazzling Flash           Conj/Hex       20%        N/A       21%         3
 Lesser Beckoning         Tloc           1%         N/A       38%         3
 Manifold Assault         Tloc           2%         N/A       98%         5


Dungeon Overview and Level Annotations

Branches:
Dungeon (2/15)

Altars:

Annotations:
D:1 exclusion: gnoll


Innate Abilities, Weirdness & Mutations

You are small and have problems with some larger weapons.
You are completely attuned to the shadows.


Message History

You hit the adder.
The adder is severely wounded.
You feel sick. The adder barely misses you.
You closely miss the adder.
The adder is severely wounded.
You feel sick. The adder closely misses you.
You hit the adder.
The adder is almost dead.
You feel sick.
You are no longer poisoned.
The adder bites you.
* * * LOW HITPOINT WARNING * * *
The adder bites you.
* * * LOW HITPOINT WARNING * * *
You are lethally poisoned!
The adder poisons you!
You hit the adder.
You kill the adder!
* * * LOW HITPOINT WARNING * * *
You feel sick.
Your Fighting skill increases to level 1!
You have reached level 4!
Casting: Corona (safe; 3% risk of failure)
Confirm with . or Enter, or press ? or * to list all spells.
Aiming: Corona (safe; 3% risk of failure)
Press: ? - help, Shift-Dir - straight line, f - kobold
Aim: a kobold, wielding a +0 club and quivering stones (chance to affect: 71%)
The kobold is outlined in light.
* * * LOW HITPOINT WARNING * * *
You feel sick. The kobold hits you with a +0 club.
* * * LOW HITPOINT WARNING * * *
You hit the kobold.
You kill the kobold!
* * * LOW HITPOINT WARNING * * *
You feel sick.
Unknown command.
It was a potion of flight.
You feel very buoyant.
You fly up into the air.
You die...

........####.......#
#####+#.#..........#
....# #.#........###
###.#.#.#........#
###.#.#...##.....####
.....................
###.###.#.##.###.....
#.# #.#.#...##)###.
#.# #.#.###.##@#
###<### #.##.#
..รท...# +###'##.#
........ ........#
........ ........#
........ ........#
........ ........#
....... ........#


There were no monsters in sight!

Vanquished Creatures
  A gnoll (D:1)
  2 adders (D:2)
  A bat (D:1)
  2 endoplasms (D:1)
  3 goblins (D:1)
  4 hobgoblins (D:1)
  2 jackals (D:1)
  2 frilled lizards (D:1)
  3 kobolds
  2 rats (D:1)
22 creatures vanquished.

Notes
Turn   | Place    | Note
-------+----------+-------------------------------------------
     0 | D:1      | nightchill the Kobold Enchanter began the quest for the
                  | Orb.
     0 | D:1      | Reached XP level 1. HP: 10/10 MP: 3/3
    36 | D:1      | Found a faded altar of an unknown god.
   211 | D:1      | Reached XP level 2. HP: 15/15 MP: 3/5
   235 | D:1      | Learned a level 2 spell: Ensorcelled Hibernation
   945 | D:1      | Reached XP level 3. HP: 20/20 MP: 1/6
  1265 | D:1      | Learned a level 3 spell: Confusing Touch
  1385 | D:2      | Reached skill level 1 in Fighting
  1385 | D:2      | Reached XP level 4. HP: 4/25 MP: 1/7
  1386 | D:2      | HP: 1/25 [poisoned by an adder]
  1387 | D:2      | Succumbed to an adder's poison

Illustrated notes

Levels and vault maps discovered:
D:1:      nicolae_arrival_memento_mori, layout_rooms,
          ebering_ecumenical_altar_hall, chequers_hall_statues_wall_a
D:2:      minmay_roachtagon, layout_basic, serial_shops, shop

Skill      XL: |  1  2  3 |
---------------+----------+-----
Short Blades   | 2 |  2.7
Fighting       | 1 |  1.0
Dodging        | |  2.4
Stealth        | |  4.8
Spellcasting   | |  2.1
Hexes          | |  3.5

Action                   |  1- 3 |  4- 6 || total
-------------------------+-------+-------++-------
Melee: Dagger            |    88 |     1 ||    89
 Cast: Corona            |    10 |     1 ||    11
       Ensorcelled Hiber |     7 |       ||     7
  Use: Potion            |       |     1 ||     1
 Stab: Sleeping          |    12 |       ||    12
Armor: Robe              |     9 |       ||     9
Dodge: Dodged            |    73 |       ||    73
